 Dungeon Crawl Stone Soup version 0.13.1-27-ga479965 (webtiles) character file.

257 Chiseanne the Covered (level 5, -10/42 HPs)
             Began as a Human Fighter on Feb 13, 2014.
             Killed by divine providence
             ... invoked by an orc priest
              (12 damage)
             ... on Level 3 of the Dungeon.
             The game lasted 00:04:36 (2284 turns).

Chiseanne the Covered (Human Fighter)               Turns: 2284, Time: 00:04:36

HP -10/42        AC  7     Str 16      XL: 5   Next: 16%
MP   4/4         EV  6     Int  9      God:
Gold 145         SH 18     Dex 13      Spells:  0 memorised,  4 levels left

Res.Fire  : . . .   See Invis. : .   q - +2,+0 elf spear (chaos)
Res.Cold  : . . .   Warding    : .   b - +0 scale mail
Life Prot.: . . .   Conserve   : .   c - +0 shield
Res.Poison: .       Res.Corr.  : .   (no helmet)
Res.Elec. : .       Clarity    : .   (no cloak)
Sust.Abil.: . .     Spirit.Shd : .   (no gloves)
Res.Mut.  : .       Stasis     : .   (no boots)
Res.Rott. : .       Flight     : +   (no amulet)
Saprovore : . . .                    (no ring)
                                     m - ring of teleport control

@: flying, slightly resistant to hostile enchantments, extremely unstealthy
A: no striking features
a: Evoke Teleport Control


You were on level 3 of the Dungeon.
You were full.

You visited 1 branch of the dungeon, and saw 3 of its levels.

You collected 125 gold pieces.

Inventory:

Hand weapons
 a - a +2,+1 long sword
 q - a +2,+0 elven spear of chaos (weapon)
Missiles
 j - 4 poisoned needles
Armour
 b - a +0 scale mail (worn)
 c - a +0 shield (worn)
Comestibles
 d - a bread ration
 t - a rotting chunk of giant cockroach flesh
Scrolls
 e - 5 scrolls of remove curse {unknown}
 g - a scroll of fog {unknown}
 i - 2 scrolls of noise {unknown}
 k - a scroll of curse armour {unknown}
 o - a scroll of fear {unknown}
Jewellery
 m - a ring of teleport control (left hand)
Potions
 f - a potion of cure mutation
 p - a potion of heal wounds {unknown}


   Skills:
 * Level 3.5 Fighting
 - Level 2.0 Long Blades
 * Level 4.0 Armour
 * Level 2.0 Dodging
 * Level 3.7 Shields


You had 4 spell levels left.
You didn't know any spells.

Dungeon Overview and Level Annotations

Branches:
Dungeon (3/27)

Altars:


Message History

The orc wizard blinks!
You can move again.
Drink which item? (? for menu, Esc to quit)
That potion was really gluggy!
It was a potion of porridge.
The orc closely misses you.
The orc wizard gestures wildly while chanting.
The orc wizard blinks!
Drink which item? (? for menu, Esc to quit)
You feel better.
It was a potion of curing.
The orc priest calls down the wrath of Beogh upon you.
Something smites you!
* * * LOW HITPOINT WARNING * * *
The orc hits you with an orcish hand axe.
* * * LOW HITPOINT WARNING * * *
Drink which item? (? for menu, Esc to quit)
You feel very buoyant.
You fly up into the air.
It was a potion of flight.
The orc priest calls down the wrath of Beogh upon you.
Something smites you!
You die...

.#.##...#%##....#
#...#...# . #####o..#
#...#.. #o###... #o#
#... #o###..# . #o##...#
..# #@##...# ...# #.#
...##...#. #.#
#().......
#.#.######.###.........
#.....[.................
###.###....####.###.##.
#...>####.###.##..
....................
######.####.###.####


You could see 2 orc priests, an orc wizard and 2 orcs.

Vanquished Creatures
  A gnoll (D:2)
  4 adders
  2 worms (D:2)
  A giant mite (D:1)
  4 giant geckos
  An orc (D:3)
  3 giant cockroaches
  3 goblins
  5 hobgoblins
  6 jackals (D:1)
  A ball python (D:1)
  5 bats
  2 giant newts
  6 kobolds
  7 rats
51 creatures vanquished.

Notes
Turn   | Place    | Note
--------------------------------------------------------------
     0 | D:1      | Chiseanne, the Human Fighter, began the quest for the Orb.
     0 | D:1      | Reached XP level 1. HP: 18/18 MP: 0/0
   159 | D:1      | Reached XP level 2. HP: 20/24 MP: 1/1
   318 | D:1      | Reached XP level 3. HP: 25/30 MP: 2/2
   766 | D:2      | Reached skill level 1 in Dodging
  1338 | D:2      | Reached XP level 4. HP: 28/36 MP: 3/3
  1992 | D:3      | Reached XP level 5. HP: 25/42 MP: 4/4
  2264 | D:3      | Reached skill level 4 in Armour
  2278 | D:3      | Paralysed by a potion of paralysis for 4 turns
  2278 | D:3      | HP: 1/42 [orc priest/divine providence (10)]
  2283 | D:3      | HP: 2/42 [orc/orcish hand axe (2)]
  2284 | D:3      | Killed from afar by an orc priest

Action                   |  1- 3 |  4- 6 || total
-------------------------+-------+-------++-------
Melee: Falchion          |   103 |       ||   103
       Long sword        |    40 |    35 ||    75
       Spear             |       |    51 ||    51
  Use: Potion            |       |     5 ||     5
 Stab: Paralysed         |       |     1 ||     1
